 Dungeon Crawl Stone Soup version 0.28.0-53-g5a82cb258f (webtiles) character file.

Game seed: 11735449012652737653

1810 rochcoach the Cleaver (level 8, -1/70 HPs)
             Began as a White Draconian Berserker on June 16, 2022.
             Was a Priest of Trog.
             Slain by a gnoll sergeant
             ... wielding a +0 trident
              (10 damage)
             ... on level 6 of the Dungeon.
             The game lasted 01:15:16 (9701 turns).

rochcoach the Cleaver (White Draconian Berserker)   Turns: 9701, Time: 01:15:17

Health: -1/70      AC: 10    Str: 21    XL:     8   Next: 84%
Magic:  8/8        EV: 14    Int:  7    God:    Trog [***...]
Gold:   150        SH:  0    Dex: 12    Spells: 7/7 levels left

rFire   . . .      SeeInvis .   r - +0 war axe
rCold   + . .      Faith    .   (no shield)
rNeg    . . .      Spirit   .   (armour unavailable)
rPois   .          Reflect  .   (helmet restricted)
rElec   .          Harm     .   (no cloak)
rCorr   .          Rampage  .   (no gloves)
Will    ++...                   (no boots)
Stlth   ++........              (no amulet)
HPRegen 1.21/turn               q - +4 ring of protection
MPRegen 0.11/turn               (no ring)

@: lethally poisoned (-1 -> -10), short of breath, strong-willed, regenerating
A: breathe frost, AC +6, unfitting armour, cold resistance 1, cold-blooded
a: Breathe Frost, Renounce Religion, Berserk, Trog's Hand


You were on level 6 of the Dungeon.
You worshipped Trog.
Trog was most pleased with you.
You visited 2 branches of the dungeon, and saw 7 of its levels.

You collected 150 gold pieces.

Inventory:

Hand Weapons
 a - a +0 hand axe
 b - a +0 hand axe
 d - a +0 dagger
 e - a +0 whip
 g - a +0 whip
 h - a +0 war axe
 i - a +0 mace
 l - a +0 short sword
 r - a +0 war axe (weapon)
 u - a +3 spectral club
 x - a +0 halberd
 y - a +0 hand crossbow
 B - a +0 falchion
 C - a +2 rapier of venom
Missiles
 A - 82 bolts
Armour
 t - a +0 chain mail
 v - a +0 leather armour
 D - a +0 chain mail
Jewellery
 q - a +4 ring of protection (left hand)
Wands
 m - a wand of paralysis (6)
 s - a wand of digging (3)
 E - a wand of flame (24)
 F - a wand of acid (2)
Scrolls
 c - a scroll of enchant armour {unknown}
 f - a scroll of teleportation {unknown}
 j - a scroll of fear
 p - a scroll of amnesia {unknown}
 G - a scroll of vulnerability {unknown}
 H - a scroll of enchant weapon {unknown}
Potions
 k - 2 potions of curing
 n - a potion of degeneration {unknown}
 o - a potion of ambrosia {unknown}
 w - a potion of resistance {unknown}
 z - 2 potions of magic


   Skills:
 + Level 5.9 Fighting
 + Level 8.4 Axes
 + Level 2.5 Crossbows
 + Level 5.8 Dodging
 + Level 2.4 Stealth


You had 7 spell levels left.
You didn't know any spells.
Your spell library contained the following spells:

 Spells                   Type           Power      Damage    Failure   Level
 Ozocubu's Armour         Ice            0%         N/A       80%         3
 Fireball                 Conj/Fire      0%         3d3       100%        5
 Starburst                Conj/Fire      0%         6d3       100%        6
 Ozocubu's Refrigeration  Ice            0%         4d5       100%        7
 Ignition                 Fire           0%         3d3       100%        8


Dungeon Overview and Level Annotations

Branches:
Dungeon (6/15)             Temple (1/1) D:5

Altars:
Ashenzari
Cheibriados
Dithmenos
Fedhas
Gozag
Hepliaklqana
Kikubaaqudgha
Nemelex Xobeh
Qazlal
Vehumet
Yredelemnul
Zin
The Shining One

Shops:
D:5 [


Innate Abilities, Weirdness & Mutations

You can breathe waves of freezing cold which knock back foes.
Your icy white scales are hard. (AC +6)
You cannot fit into any form of body armour.
Your flesh is cold resistant. (rC+)
You are cold-blooded and may be slowed by cold attacks.


Message History

The gnoll hits you but does no damage. The gnoll misses you.
Aiming: Breathe Frost (4% risk of failure)
Press: ? - help, Shift-Dir - straight line, f - gnoll
Aim: a gnoll, wielding a +0 spear (72% to hit)
You exhale a wave of freezing cold.
The freezing breath hits the gnoll sergeant!
The gnoll sergeant is heavily wounded.
The gnoll sergeant is blown backwards by the freezing wind.
The gnoll sergeant collides with the gnoll!
The gnoll is lightly wounded.
The freezing breath hits the gnoll!
The gnoll is severely wounded.
The gnoll is blown backwards by the freezing wind.
The gnoll completely misses you.
Your skin crawls.
You feel strong-willed. The gnoll sergeant barely misses you.
The gnoll hits you but does no damage.
The gnoll hits you from afar with a +2 spear of venom.
* * * LOW HITPOINT WARNING * * *
You are poisoned.
You feel very sick.
The gnoll sergeant hits you but does no damage.
The gnoll barely misses you.
You hit the gnoll.
Your tail-slap misses the gnoll.
The gnoll is heavily wounded.
You feel very sick. The gnoll sergeant closely misses you.
The gnoll hits you with a +0 whip.
* * * LOW HITPOINT WARNING * * *
The gnoll misses you.
You completely miss the gnoll.
The gnoll is heavily wounded.
You feel sick.
The gnoll sergeant hits you from afar with a +0 trident.
* * * LOW HITPOINT WARNING * * *
The gnoll barely misses you.
The gnoll hits you from afar with a +2 spear of venom.
* * * LOW HITPOINT WARNING * * *
You are lethally poisoned!
The gnoll sergeant hits you from afar with a +0 trident!
You die...

#...###..
#.......
#......
#..... #..††#
###
#....####..##
#............
#....!.......
#...g@.......
#..g.<.......
###g#########
... #... #...
#... #...


You could see a gnoll sergeant and 2 gnolls.

Vanquished Creatures
  Eustachio (D:4)
  A water moccasin (D:5)
  An acid dragon (D:5)
  A sky beast (D:5)
  A necrophage (D:4)
  2 ogres (D:5)
  A kobold brigand (D:4)
  A scorpion (D:4)
  4 electric eels (D:5)
  6 hounds
  A centaur zombie (D:3)
  2 bullfrog skeletons (D:5)
  2 gnoll shamans (D:4)
  An orc priest (D:5)
  2 iguanas
  Ijyb (D:3)
  Natasha (D:2)
  A hound skeleton (D:5)
  20 gnolls (D:4)
  6 adders
  A shadow imp (D:5)
  A worm (D:3)
  3 dart slugs
  22 orcs
  5 bats
  6 endoplasms
  A giant cockroach (D:2)
  3 goblins
  5 hobgoblins
  11 jackals (D:4)
  7 ball pythons
  3 frilled lizards
  7 kobolds
  4 rats
135 creatures vanquished.

Vanquished Creatures (others)
  2 fungi (D:4)
  4 plants
6 creatures vanquished.

Grand Total: 141 creatures vanquished

Notes
Turn   | Place    | Note
-------+----------+-------------------------------------------
     0 | D:1      | rochcoach the Draconian Berserker began the quest for the
                  | Orb.
     0 | D:1      | Reached XP level 1. HP: 19/19 MP: 1/1
   275 | D:2      | Reached XP level 2. HP: 23/26 MP: 2/2
   596 | D:2      | Reached XP level 3. HP: 33/33 MP: 3/3
  1065 | D:2      | Noticed Natasha
  1077 | D:2      | Killed Natasha
  1753 | D:3      | Reached ** piety under Trog
  1783 | D:3      | Reached skill level 4 in Axes
  1783 | D:3      | Reached XP level 4. HP: 33/40 MP: 4/4
  2707 | D:3      | Found a hazy altar of Hepliaklqana.
  2791 | D:3      | Reached XP level 5. HP: 30/46 MP: 5/5
  3006 | D:3      | Noticed Ijyb
  3025 | D:3      | Killed Ijyb
  3140 | D:4      | Reached skill level 5 in Axes
  3337 | D:4      | Found a sparkling altar of Nemelex Xobeh.
  3433 | D:4      | Found a glowing golden altar of the Shining One.
  3964 | D:4      | Reached skill level 1 in Stealth
  3964 | D:4      | Reached XP level 6. HP: 37/53 MP: 6/6
  4371 | D:4      | Reached *** piety under Trog
  4376 | D:4      | Reached skill level 6 in Axes
  4376 | D:4      | Your scales start taking on an icy white colour.
  4376 | D:4      | Reached XP level 7. HP: 17/60 MP: 7/7
  4376 | D:4      | Gained mutation: Your flesh is cold resistant. (rC+) [White
                  | Draconian growth]
  5259 | D:4      | Reached skill level 5 in Fighting
  5625 | D:4      | Noticed Eustachio
  5635 | D:4      | Killed Eustachio
  5636 | D:4      | Reached skill level 7 in Axes
  6091 | D:5      | Entered Level 5 of the Dungeon
  6115 | D:5      | Found a staircase to the Ecumenical Temple.
  6155 | D:5      | Reached skill level 5 in Dodging
  6155 | D:5      | Reached XP level 8. HP: 62/68 MP: 8/8
  6182 | D:5      | Found Wufosoc's Antique Armour Emporium.
  6598 | D:5      | Found a transporter.
  6614 | D:5      | Found a transporter.
  6640 | D:5      | HP: 3/68 [electric eel/bolt of electricity (13)]
  8261 | D:5      | Reached skill level 1 in Crossbows
  9126 | D:5      | Reached skill level 8 in Axes
  9437 | D:5      | Found a snail-covered altar of Cheibriados.
  9558 | Temple   | Entered the Ecumenical Temple
  9701 | D:6      | Slain by a gnoll sergeant

Illustrated notes

Levels and vault maps discovered:
D:1:      dpeg_arrival_refuge, layout_loops_ring,
          hellmonk_ecumenical_altar_heavens_door, minmay_tetromino_t4
D:2:      layout_basic, kennysheep_cross_room, minmay_misc_feat_nine_boxes,
          grunt_ministairs_5, uniq_crazy_yiuf_cottage, uniq_natasha
D:3:      layout_basic, mainiacjoe_overflow_alcove_4, uniq_ijyb
D:4:      lemuel_castle_with_subvaults [lemuel_castle_interior_carwin_1],
          layout_loops_corners, general_overflow_altar,
          nemelex_dance_club_becter, kennysheep_generic_room_13, uniq_eustachio
D:5:      gammafunk_steamed_eel, layout_basic, cheibriados_altar_1,
          lemuel_temple_firewalk_a, serial_shops, nicolae_shop_hallway_plus,
          minmay_stone_trees_small
D:6:      layout_gridville, led_xom_imps, serial_shops, shop,
          water_boxes_lemuel, uniq_edmund
Temple:   dpeg_three_leaves_temple

Skill      XL: |  1  2  3  4  5  6  7  8 |
---------------+-------------------------+-----
Dodging        | 3 4 5 |  5.8
Axes           | 4 5 6 7 8 |  8.4
Fighting       | 4 5 |  5.9
Stealth        | 1 2 |  2.4
Crossbows      | 2 |  2.5

Action                   |  1- 3 |  4- 6 |  7- 9 || total
-------------------------+-------+-------+-------++-------
Melee: Hand axe          |    67 |       |       ||    67
       Tailslap          |     8 |    21 |    27 ||    56
       War axe           |    14 |   137 |   189 ||   340
       Punch             |     1 |     2 |     1 ||     4
 Fire: Hand crossbow     |       |       |    27 ||    27
Invok: Trog's Hand       |       |       |     2 ||     2
 Abil: Breathe Frost     |       |       |     5 ||     5
Evoke: Wand              |       |     1 |       ||     1
  Use: Scroll            |       |       |     5 ||     5
 Stab: Sleeping          |       |     1 |       ||     1
Armor: Skin              |    33 |    67 |    75 ||   175
Dodge: Dodged            |    63 |   137 |   152 ||   352
